[Event "Titled Tuesday Blitz May 23 Early 2023"]
[White "Kohler, Aran"]
[Black "Djordjevic, Vuk"]
[WhiteFideId "1002856"]
[BlackFideId "902098"]
[WhiteElo "2401"]
[BlackElo "2452"]
[Result "0-1"]
[Round "04"]
[TimeControl "180+2"]
[Date "2023.05.23"]
[WhiteClock "0:00:00"]
[BlackClock "0:01:06"]

1. d4 Nf6 2. c3 d5 3. Bg5 Ne4 4. h4 c5 5. e3 Nc6 6. Nd2 Nxg5 7. hxg5 Bf5 8. g4 Bg6 9. f4 e6 10. Ngf3 Qb6 11. Qb3 Bd6 12. Qxb6 axb6 13. Bb5 O-O-O 14. Ne5 Nxe5 15. dxe5 Be7 16. Nf3 Be4 17. Be2 d4 18. cxd4 cxd4 19. Rc1+ Kb8 20. exd4 Bxf3 21. Bxf3 Rxd4 22. Kf2 Rxf4 23. Ke3 Bxg5 24. Ke2 Rxf3 25. Kxf3 Bxc1 26. Rxc1 Rd8 27. b4 h6 28. a4 Rd3+ 29. Ke4 Rg3 30. Kf4 Ra3 31. g5 Rxa4 32. Rc4 Ra1 33. gxh6 gxh6 34. Kg4 Rg1+ 35. Kh5 Rg5+ 36. Kxh6 Rxe5 37. Kg7 f5 38. Kf6 Re4 39. Rc1 f4 40. b5 f3 41. Kg5 f2 42. Rf1 Re2 43. Kf4 Kc7 44. Kf3 Rb2 45. Ke4 Kd6 46. Kd4 e5+ 47. Ke4 Ke6 48. Rh1 Rxb5 49. Rh6+ Kf7 50. Rh1 Kf6 51. Rf1 Rb4+ 52. Ke3 Rf4 53. Ke2 b5 0-1


[Site "https://www.chess.com"]

[Event "Titled Tuesday Blitz May 23 Early 2023"]
[White "Mogirzan, Matei-Valeriu"]
[Black "Jia, Haoxiang"]
[WhiteFideId "1257455"]
[BlackFideId "8602999"]
[WhiteElo "1733"]
[BlackElo "2678"]
[Result "0-1"]
[Round "04"]
[TimeControl "180+2"]
[Date "2023.05.23"]
[WhiteClock "0:00:06"]
[BlackClock "0:00:07"]

1. e4 c5 2. Nf3 d6 3. d4 cxd4 4. Nxd4 Nf6 5. Nc3 g6 6. Bc4 Bg7 7. f3 O-O 8. Be3 Nc6 9. Qd2 Bd7 10. O-O-O Rc8 11. Bb3 Ne5 12. h4 h5 13. g4 hxg4 14. Rdg1 Nc4 15. Bxc4 Rxc4 16. h5 Nxh5 17. fxg4 Nf6 18. Bh6 Rxd4 19. Qxd4 Bxh6+ 20. Rxh6 Qb6 21. Qd1 Qe3+ 22. Kb1 Qxh6 23. g5 Qg7 24. gxf6 Qxf6 25. Nd5 Qe5 26. Qd2 Kg7 27. Rg5 Qxe4 28. a3 e5 29. Ne3 Be6 30. Nf1 Qf3 31. Ng3 Rh8 32. Qxd6 Rh1+ 0-1


[Site "https://www.chess.com"]

[Event "Titled Tuesday Blitz May 23 Early 2023"]
[White "Alex_Sahakyan2006"]
[Black "Novikova, Galina"]
[BlackFideId "4157095"]
[WhiteElo "2667"]
[BlackElo "1953"]
[Result "1-0"]
[Round "04"]
[TimeControl "180+2"]
[Date "2023.05.23"]
[WhiteClock "0:00:34"]
[BlackClock "0:00:00"]

1. d4 Nf6 2. Nf3 g6 3. Nc3 d6 4. g3 Bg7 5. Bg2 O-O 6. O-O c6 7. a4 Bf5 8. a5 Qc8 9. Nh4 Bh3 10. e4 Bxg2 11. Kxg2 e5 12. dxe5 dxe5 13. Nf3 Nbd7 14. b3 Qc7 15. Ba3 Rfe8 16. Bd6 Qc8 17. Qe2 Nh5 18. Rfd1 Nf8 19. Qe3 h6 20. Ne2 Kh7 21. Rd2 f5 22. exf5 Qxf5 23. Nh4 Qg4 24. Ra4 Qe6 25. h3 Rad8 26. Ba3 Rxd2 27. Qxd2 Qd5+ 28. Qxd5 cxd5 29. Rb4 Rc8 30. Rxb7 Ne6 31. c3 d4 32. cxd4 exd4 33. Nc1 Rc2 34. Nf3 Ra2 35. Bd6 a6 36. Be5 Rxa5 37. Bxg7 Nhxg7 38. Nd3 Rd5 39. Ra7 Rd6 40. Nfe5 g5 41. f4 gxf4 42. gxf4 1-0


[Site "https://www.chess.com"]

[Event "Titled Tuesday Blitz May 23 Early 2023"]
[White "Fernandez Siles, Luis"]
[Black "Artemenko, Oleg"]
[WhiteFideId "2209420"]
[BlackFideId "14201798"]
[WhiteElo "2195"]
[BlackElo "2287"]
[Result "1-0"]
[Round "04"]
[TimeControl "180+2"]
[Date "2023.05.23"]
[WhiteClock "0:00:18"]
[BlackClock "0:01:21"]

1. d4 f5 2. Nc3 Nf6 3. Bg5 g6 4. h4 Bg7 5. h5 O-O 6. e4 Qe8 7. h6 Bh8 8. e5 Ne4 9. Nf3 d6 10. Nd5 Nxg5 11. Nxg5 Qd8 12. Nf4 dxe5 13. Bc4+ e6 14. Nfxe6 Bxe6 15. Bxe6+ Rf7 16. Bxf7+ Kf8 17. Ne6+ Kxf7 18. Nxd8+ Ke8 19. Nxb7 Nd7 20. Nc5 e4 21. Nxd7 Kxd7 22. c3 c6 23. Qb3 Re8 24. O-O-O Bf6 25. d5 c5 26. Qb5+ Ke7 27. Qxc5+ Kf7 28. d6 Rd8 29. Qc7+ Ke6 30. Rhe1 Bg5+ 31. Kc2 Rd7 32. Qc8 f4 33. Qe8+ Kf6 34. Qxd7 e3 35. fxe3 f3 36. gxf3 Bh4 37. e4 g5 38. e5+ Kg6 39. Qe6+ Kh5 40. Rh1 a5 41. Rdg1 a4 42. Rxh4+ Kxh4 43. Qg4# 1-0


[Site "https://www.chess.com"]

[Event "Titled Tuesday Blitz May 23 Early 2023"]
[White "Koellner, Ruben Gideon"]
[Black "GMFYHR1"]
[WhiteFideId "12993093"]
[WhiteElo "2314"]
[BlackElo "2393"]
[Result "0-1"]
[Round "04"]
[TimeControl "180+2"]
[Date "2023.05.23"]
[WhiteClock "0:00:00"]
[BlackClock "0:00:53"]

1. d4 Nf6 2. Nf3 d5 3. e3 c5 4. c3 Nc6 5. Nbd2 Qc7 6. dxc5 e5 7. b4 a5 8. Bb5 Bd7 9. Qb3 e4 10. Nd4 Ne5 11. Be2 Be7 12. Bb2 O-O 13. a3 Bg4 14. Bb5 Bd7 15. Be2 Bg4 16. f3 exf3 17. gxf3 Bh5 18. O-O-O Bg6 19. Nf1 axb4 20. cxb4 b6 21. Nb5 Qb8 22. f4 Neg4 23. c6 Rc8 24. c7 Rxc7+ 25. Nxc7 Qxc7+ 26. Qc3 Qd7 27. Bxg4 Qxg4 28. Nd2 Rc8 0-1


[Site "https://www.chess.com"]

[Event "Titled Tuesday Blitz May 23 Early 2023"]
[White "Nagare Kaivalya Sandip"]
[Black "Makhmudov, Shukhrat"]
[WhiteFideId "25957929"]
[BlackFideId "14200775"]
[WhiteElo "2024"]
[BlackElo "2135"]
[Result "1-0"]
[Round "04"]
[TimeControl "180+2"]
[Date "2023.05.23"]
[WhiteClock "0:00:41"]
[BlackClock "0:00:17"]

1. e4 e5 2. Nf3 Nc6 3. Bb5 a6 4. Ba4 Nf6 5. O-O Be7 6. c3 Nxe4 7. Re1 Nc5 8. Nxe5 Nxe5 9. Rxe5 Nxa4 10. Qxa4 O-O 11. d4 d5 12. Qd1 Bd6 13. Re1 Qh4 14. g3 Qh3 15. Qf3 Bg4 16. Qxd5 Rae8 17. Be3 Bd7 18. Qg2 Qh5 19. Nd2 Bc6 20. f3 f5 21. Bf4 Bxf4 22. gxf4 Rf6 23. Kh1 Rfe6 24. Re5 Rg6 25. Qf2 Rd8 26. Rae1 h6 27. Re6 Rd6 28. Rxd6 cxd6 29. c4 d5 30. c5 Bb5 31. b3 Qh3 32. a4 Bd3 33. Rg1 Re6 34. Qg3 Qxg3 35. hxg3 Re2 36. Rg2 Re1+ 37. Kh2 Rd1 38. b4 Kf7 39. Nb3 Bc4 40. Na5 Rxd4 41. Nxb7 Bb3 42. c6 Rxb4 43. c7 1-0


[Site "https://www.chess.com"]

[Event "Titled Tuesday Blitz May 23 Early 2023"]
[White "LeoLV10"]
[Black "Colas, Joshua"]
[BlackFideId "2044447"]
[WhiteElo "2380"]
[BlackElo "2347"]
[Result "1-0"]
[Round "04"]
[TimeControl "180+2"]
[Date "2023.05.23"]
[WhiteClock "0:01:19"]
[BlackClock "0:00:00"]

1. e4 g6 2. d4 Bg7 3. f4 c5 4. c3 cxd4 5. cxd4 d5 6. e5 h5 7. Nc3 Nh6 8. Nf3 O-O 9. Bd3 Bf5 10. Be2 Bg4 11. Be3 e6 12. Bf2 Nc6 13. O-O a6 14. a3 Nf5 15. b4 Rc8 16. Na4 Bh6 17. Qd2 f6 18. Nc5 Qe7 19. exf6 Rxf6 20. Rae1 Rcf8 21. Ng5 Bxe2 22. Rxe2 Nfxd4 23. Bxd4 Nxd4 24. Qxd4 Bxg5 25. g3 Bh6 26. Rfe1 Bg7 27. Nxe6 Rxe6 28. Qxd5 Kh7 29. Rxe6 Qc7 30. Re7 Qc3 31. Qe5 1-0


[Site "https://www.chess.com"]

[Event "Titled Tuesday Blitz May 23 Early 2023"]
[White "Kabilov, Amin"]
[Black "TimGrutter03"]
[WhiteFideId "14700859"]
[WhiteElo "2110"]
[BlackElo "2619"]
[Result "1-0"]
[Round "04"]
[TimeControl "180+2"]
[Date "2023.05.23"]
[WhiteClock "0:00:12"]
[BlackClock "0:00:02"]

1. Nf3 g6 2. c4 Bg7 3. Nc3 d6 4. d4 Bg4 5. g3 Bxf3 6. exf3 Nc6 7. Be3 e5 8. dxe5 Nxe5 9. f4 Nc6 10. Bg2 Nge7 11. O-O O-O 12. Nd5 Nf5 13. Rb1 Nxe3 14. fxe3 Ne7 15. Qd3 Nxd5 16. cxd5 f5 17. e4 fxe4 18. Bxe4 Qf6 19. Rfc1 Rf7 20. Bg2 Re8 21. Bh3 Rfe7 22. Be6+ Kh8 23. Re1 c6 24. Re4 cxd5 25. Bxd5 Rc8 26. Rbe1 Rxe4 27. Qxe4 Qxb2 28. Bxb7 Rb8 29. Bd5 Qd2 30. Re2 Qd1+ 31. Kg2 Bd4 32. Qf3 Qg1+ 33. Kh3 Qb1 34. Re4 Bf6 35. Qe2 Rf8 36. Re8 Bg7 37. Rxf8+ Bxf8 38. Qe6 Qf5+ 39. Qxf5 gxf5 40. Be6 Kg7 41. Bxf5 d5 42. Bd3 d4 43. Kg4 h6 44. h4 Kf6 45. Kf3 Bb4 46. g4 Bd2 47. g5+ hxg5 48. hxg5+ Ke7 49. Ke4 Be3 50. Ke5 a5 51. a4 Kf7 52. Kf5 Kg7 53. Bc4 Bd2 54. Kg4 Be3 55. f5 Bd2 56. f6+ Kg6 57. Bd3+ Kf7 58. Kf5 Be1 59. g6+ Ke8 60. g7 1-0


[Site "https://www.chess.com"]

[Event "Titled Tuesday Blitz May 23 Early 2023"]
[White "Marcziter, Dmitrii"]
[Black "Ambartsumova, Karina"]
[WhiteFideId "13900765"]
[BlackFideId "4166299"]
[WhiteElo "2162"]
[BlackElo "2240"]
[Result "1-0"]
[Round "04"]
[TimeControl "180+2"]
[Date "2023.05.23"]
[WhiteClock "0:00:17"]
[BlackClock "0:00:00"]

1. d4 Nf6 2. c4 g6 3. Nf3 Bg7 4. g3 O-O 5. Bg2 d6 6. Nc3 c6 7. O-O Bf5 8. Ne1 Be6 9. d5 cxd5 10. cxd5 Bd7 11. a4 Na6 12. Nd3 b6 13. Bd2 Rc8 14. Rc1 e6 15. dxe6 Bxe6 16. Nb5 Qd7 17. Nf4 Nc5 18. Nxe6 fxe6 19. Bf4 e5 20. Bg5 Rcd8 21. Nc3 Ne6 22. Bxf6 Bxf6 23. Bd5 Kh8 24. e3 Bg7 25. Ne4 Nc5 26. Nxc5 dxc5 27. e4 Bh6 28. Rc3 Qh3 29. Qe2 Rf6 30. f3 Rdf8 31. Qg2 Qd7 32. b3 Qd6 33. Rd3 Qe7 34. Rfd1 Qc7 35. Bc4 Qc8 36. g4 Bf4 37. Qh3 h6 38. Kg2 Bg5 39. Qg3 Qc7 40. h4 Bf4 41. Qh3 a6 42. Rd7 Qc8 43. R1d3 b5 44. g5 h5 45. gxf6 bxc4 46. bxc4 Qb8 47. Kh1 Qb1+ 48. Rd1 Qc2 49. Qg2 Qxc4 50. Qxg6 1-0


[Site "https://www.chess.com"]

[Event "Titled Tuesday Blitz May 23 Early 2023"]
[White "Gutkin, Ilya"]
[Black "Kiremitciyan, Ari"]
[WhiteFideId "16203470"]
[BlackFideId "6373445"]
[WhiteElo "2265"]
[BlackElo "2181"]
[Result "1-0"]
[Round "04"]
[TimeControl "180+2"]
[Date "2023.05.23"]
[WhiteClock "0:00:55"]
[BlackClock "0:00:00"]

1. Nf3 g6 2. d4 Bg7 3. e4 d6 4. c3 Nf6 5. Bd3 O-O 6. h3 Nc6 7. d5 Nb8 8. O-O c6 9. c4 Nbd7 10. Nc3 a6 11. a4 Nc5 12. Bc2 a5 13. Be3 Nfd7 14. Qd2 Na6 15. Bh6 Nb4 16. Bxg7 Kxg7 17. Rac1 Nxc2 18. Rxc2 Nc5 19. Ne1 e5 20. Nd3 Nxd3 21. Qxd3 c5 22. Nb5 f5 23. f4 fxe4 24. Qc3 Re8 25. Re2 Kg8 26. Rxe4 Bf5 27. Re3 Qe7 28. fxe5 dxe5 29. Rfe1 Bd7 30. Rxe5 Qh4 31. Rxe8+ Rxe8 32. Rxe8+ Bxe8 33. Qe5 Bxb5 34. axb5 Qxc4 35. d6 Qc1+ 36. Kh2 Qd2 37. Qxc5 Kf7 38. Qc7+ Ke6 39. Qe7+ Kf5 40. Qf7+ Ke5 41. d7 1-0


[Site "https://www.chess.com"]

[Event "Titled Tuesday Blitz May 23 Early 2023"]
[White "Bodnaruk, Anastasia"]
[Black "Dishman, Stephen"]
[WhiteFideId "4181751"]
[BlackFideId "403024"]
[WhiteElo "2304"]
[BlackElo "2204"]
[Result "1-0"]
[Round "04"]
[TimeControl "180+2"]
[Date "2023.05.23"]
[WhiteClock "0:00:05"]
[BlackClock "0:00:12"]

1. e4 d6 2. d4 Nf6 3. Nc3 e5 4. Nf3 Nbd7 5. Bc4 Be7 6. O-O O-O 7. Re1 c6 8. a4 exd4 9. Nxd4 Ne5 10. Ba2 Re8 11. f4 Ng6 12. Kh1 Bf8 13. a5 Bg4 14. Qd3 Bd7 15. Bd2 Qc7 16. Qg3 d5 17. e5 Ng4 18. f5 N6xe5 19. Bf4 Bd6 20. Nf3 Nxf3 21. Bxd6 Qxd6 22. gxf3 Qxg3 23. hxg3 Ne5 24. f4 Ng4 25. Na4 Bxf5 26. Nc5 b6 27. Nb7 Bxc2 28. Nd6 Be4+ 29. Kg1 Re6 30. Nxe4 Rxe4 31. Rxe4 dxe4 32. axb6 Kf8 33. Bc4 a5 34. b4 a4 35. b5 cxb5 36. Bd5 Rb8 37. b7 Nf6 38. Rc1 Nxd5 39. Rc8+ Ke7 40. Rxb8 Nb6 41. Re8+ Kxe8 42. b8=Q+ Ke7 43. Qxb6 a3 44. Qxb5 Ke6 45. Qa6+ Kf5 46. Qxa3 Kg4 47. Qe3 f5 48. Kg2 g5 49. fxg5 Kh5 50. Qf4 h6 51. gxh6 e3 52. h7 Kg6 53. h8=Q e2 54. Qhh6+ Kf7 55. Qc7+ Kg8 56. Qhg7# 1-0


[Site "https://www.chess.com"]

[Event "Titled Tuesday Blitz May 23 Early 2023"]
[White "Mortazavi, Ali"]
[Black "Klepikov, Nikita"]
[WhiteFideId "401323"]
[BlackFideId "24145220"]
[WhiteElo "2339"]
[BlackElo "2025"]
[Result "0-1"]
[Round "04"]
[TimeControl "180+2"]
[Date "2023.05.23"]
[WhiteClock "0:00:00"]
[BlackClock "0:00:04"]

1. Nf3 Nf6 2. g3 g6 3. Bg2 Bg7 4. O-O O-O 5. d3 d5 6. Nbd2 c5 7. e3 Nc6 8. e4 dxe4 9. dxe4 b5 10. e5 Ng4 11. h3 Nh6 12. Re1 Rb8 13. Qe2 Nf5 14. c3 e6 15. g4 Nfe7 16. Ne4 Nxe5 17. Nxe5 Bxe5 18. Nxc5 Bg7 19. Bf4 Rb6 20. Rad1 Nd5 21. Bg3 Qg5 22. h4 Qf6 23. g5 Qd8 24. Ne4 Ba6 25. Qg4 b4 26. h5 bxc3 27. Nxc3 Rxb2 28. Nxd5 exd5 29. Bxd5 Qa5 30. h6 Bh8 31. Qd7 Be2 32. Bb3 Bc3 33. Rd5 Qb6 34. Rc1 Rxb3 35. axb3 Qxb3 36. Be5 Bf3 37. Rxc3 Qxd5 38. Qxd5 Bxd5 39. Ra3 Ra8 40. Ra5 Be6 41. Bd6 a6 42. Kh2 Bc4 43. Kg3 Bb5 44. Kf4 Rd8 45. Ke5 Re8+ 46. Kd5 Rc8 47. Ra1 Bc6+ 48. Ke5 Re8+ 49. Kd4 Bb5 50. Rc1 Rd8 51. Ke5 Re8+ 52. Kd5 Rd8 53. f4 Re8 54. Rc7 Rd8 55. Kc5 Ra8 56. Kb6 Re8 57. Be5 Re6+ 58. Kb7 Re8 59. Kb6 Rf8 60. Kc5 Re8 61. Bf6 Be2 62. Ra7 Bb5 63. Be5 Rf8 64. Bd6 Rc8+ 65. Kd4 Rd8 66. Ke5 Re8+ 67. Be7 Rc8 68. Kd6 Re8 69. Rb7 Ra8 70. Bf6 Be8 71. Rb3 a5 72. Ra3 a4 73. Ba1 Bb5 74. Kc5 Bd7 75. Kd4 Kf8 76. Kd5 Ke7 77. Re3+ Be6+ 78. Kc5 a3 79. Bf6+ Kd7 80. Rd3+ Kc7 81. Be5+ Kb7 82. Rd1 a2 83. Ba1 Kc7 84. Be5+ Kb7 85. Ba1 Ra5+ 86. Kb4 Rf5 87. Be5 Kc6 88. Ka3 Bd5 89. Kb2 Bc4 90. Rd6+ Kc5 91. Rd8 Bd5 92. Rh8 Be6 93. Rxh7 f6 94. gxf6 Rh5 95. Rg7 Rh2+ 96. Ka3 Rh3+ 97. Ka4 Re3 98. h7 Rxe5 0-1


[Site "https://www.chess.com"]

[Event "Titled Tuesday Blitz May 23 Early 2023"]
[White "Thecourseoisildur"]
[Black "Avalos Parra, Joao"]
[BlackFideId "3402541"]
[WhiteElo "2573"]
[BlackElo "2173"]
[Result "1-0"]
[Round "04"]
[TimeControl "180+2"]
[Date "2023.05.23"]
[WhiteClock "0:00:54"]
[BlackClock "0:00:52"]

1. e4 e5 2. Nf3 Nc6 3. d4 exd4 4. Nxd4 Nf6 5. Nxc6 bxc6 6. Nd2 Bc5 7. Nb3 Bb6 8. e5 Qe7 9. Qe2 Nd5 10. c4 Ba6 11. Bd2 O-O 12. O-O-O d6 13. exd6 Qxe2 14. Bxe2 cxd6 15. Bf1 Nf6 16. f3 h6 17. Bf4 d5 18. c5 Bxf1 19. Rhxf1 Bd8 20. Nd4 Rc8 21. Bd6 Re8 22. Rfe1 Ba5 23. Re5 Rxe5 24. Bxe5 Nd7 25. Bd6 Bb4 26. Nb3 a5 27. a3 a4 28. axb4 axb3 29. Rd3 Re8 30. Rxb3 Re2 31. b5 cxb5 32. c6 Nb6 33. Rxb5 Nc4 34. Bc5 Re6 35. c7 Rc6 36. Rb8+ 1-0


[Site "https://www.chess.com"]

[Event "Titled Tuesday Blitz May 23 Early 2023"]
[White "Kim, Sergey"]
[Black "Pg, Mohd Omar Ak Hira"]
[WhiteFideId "13700570"]
[BlackFideId "10500103"]
[WhiteElo "2573"]
[BlackElo "2167"]
[Result "1-0"]
[Round "04"]
[TimeControl "180+2"]
[Date "2023.05.23"]
[WhiteClock "0:00:15"]
[BlackClock "0:00:07"]

1. d4 Nf6 2. c4 g6 3. Nc3 d5 4. cxd5 Nxd5 5. e4 Nxc3 6. bxc3 Bg7 7. Bc4 c5 8. Ne2 O-O 9. O-O Nc6 10. Be3 Na5 11. Bd3 cxd4 12. cxd4 b6 13. Qd2 Bb7 14. Bh6 Qd7 15. Bxg7 Kxg7 16. Rad1 Rfd8 17. Qg5 h6 18. Qg3 Bc8 19. h3 Bb7 20. e5 Nc6 21. Be4 Nb4 22. Bxb7 Qxb7 23. e6 f6 24. Nf4 g5 25. Qg4 Kh8 26. Nh5 Qd5 27. Ng3 Nc6 28. Qh5 Qxe6 29. Qxh6+ Kg8 30. Qg6+ Kf8 31. Nf5 Qf7 32. Qh6+ Kg8 33. d5 Ne5 34. Rfe1 Rd7 35. d6 exd6 36. Rxd6 Qh7 37. Qxf6 Rf7 38. Qxg5+ Kf8 39. Rxe5 Rc8 40. Rd8+ Rxd8 41. Qxd8# 1-0


[Site "https://www.chess.com"]

[Event "Titled Tuesday Blitz May 23 Early 2023"]
[White "Alexikov, Alexander"]
[Black "egorchess95"]
[WhiteFideId "14103958"]
[WhiteElo "2186"]
[BlackElo "2562"]
[Result "0-1"]
[Round "04"]
[TimeControl "180+2"]
[Date "2023.05.23"]
[WhiteClock "0:00:00"]
[BlackClock "0:00:08"]

1. e4 c5 2. Nf3 Nc6 3. d4 cxd4 4. Nxd4 Nf6 5. Nc3 e5 6. Ndb5 d6 7. Bg5 a6 8. Na3 Be6 9. Nc4 Rb8 10. a4 Nd4 11. a5 Rc8 12. b3 d5 13. exd5 Bb4 14. Bd2 Nxd5 15. Nxd5 Bxd2+ 16. Qxd2 Bxd5 17. O-O-O O-O 18. f4 f6 19. Kb2 Qc7 20. Bd3 Rfd8 21. fxe5 fxe5 22. Rhe1 e4 23. Bf1 Bf7 24. Qf2 Nb5 25. Rxd8+ Rxd8 26. Rxe4 h6 27. Bd3 Bg6 28. Re3 Bf7 29. Qf5 g6 30. Qf6 Rf8 31. Re7 Qxh2 32. Bxg6 Qc7 33. Rxc7 Nxc7 34. Bxf7+ Rxf7 35. Qd8+ Kg7 36. Nd6 Ne6 37. Nxf7 Nxd8 38. Nxd8 h5 39. Nxb7 Kg6 40. b4 Kg5 41. b5 Kg4 42. bxa6 Kg3 43. a7 Kxg2 44. a8=Q h4 0-1


[Site "https://www.chess.com"]

[Event "Titled Tuesday Blitz May 23 Early 2023"]
[White "robertoalejandro10"]
[Black "Ovezdurdyyeva, Jemal"]
[BlackFideId "14001888"]
[WhiteElo "2556"]
[BlackElo "2043"]
[Result "1-0"]
[Round "04"]
[TimeControl "180+2"]
[Date "2023.05.23"]
[WhiteClock "0:01:28"]
[BlackClock "0:00:12"]

1. Nf3 Nf6 2. c4 d6 3. g3 b6 4. Bg2 Bb7 5. O-O g6 6. Nc3 Bg7 7. b3 O-O 8. Bb2 c5 9. d4 cxd4 10. Qxd4 Nc6 11. Qd2 Qc7 12. Rac1 e6 13. Nb5 Qd7 14. Qxd6 Rfd8 15. Rfd1 a6 16. Bxf6 Qxd6 17. Nxd6 Rxd6 18. Rxd6 Bxf6 19. Rcd1 Nb4 20. Rd7 Be4 21. h4 Nxa2 22. Ng5 Bxg2 23. Kxg2 Nc3 24. R1d2 Rf8 25. Rb7 h6 26. Nf3 b5 27. cxb5 axb5 28. Rdd7 e5 29. e3 e4 30. Nd4 Bxd4 31. Rxd4 Rc8 32. Rdd7 1-0


[Site "https://www.chess.com"]

[Event "Titled Tuesday Blitz May 23 Early 2023"]
[White "littlepillow2010"]
[Black "Toncheva, Nadya"]
[BlackFideId "2924056"]
[WhiteElo "2338"]
[BlackElo "2101"]
[Result "0-1"]
[Round "04"]
[TimeControl "180+2"]
[Date "2023.05.23"]
[WhiteClock "0:00:00"]
[BlackClock "0:00:07"]

1. e4 c5 2. Nf3 Nc6 3. d4 cxd4 4. Nxd4 g6 5. c4 Bg7 6. Be3 Nf6 7. Nc3 O-O 8. Be2 d6 9. O-O Nxd4 10. Bxd4 Bd7 11. Rc1 Bc6 12. f3 a5 13. b3 Nd7 14. Be3 Nc5 15. Qd2 Qb6 16. Rfd1 Rfc8 17. Kh1 h5 18. Rb1 Qb4 19. Rdc1 Ne6 20. Nd5 Bxd5 21. exd5 Nc5 22. Qc2 a4 23. Bd2 axb3 24. axb3 Qa3 25. b4 Nd7 26. Bc3 Bxc3 27. Qxc3 Qxc3 28. Rxc3 Ra2 29. Bf1 Rca8 30. c5 dxc5 31. bxc5 Ra1 32. Rxa1 Rxa1 33. Kg1 Kg7 34. c6 bxc6 35. dxc6 Nb6 36. c7 Nc8 37. Kf2 Kf6 38. Bb5 Ra2+ 39. Kg3 Ke5 40. Bd7 Ra8 41. Rb3 Kd6 42. Rb8 Ra7 43. Rxc8 Kxd7 44. Rf8 Rxc7 45. Rxf7 Ke6 46. Rf4 g5 47. Rf8 Rc5 48. Kh3 Rc2 49. Rh8 h4 50. Rf8 Ke5 51. Rg8 Kf6 52. Rf8+ Kg7 53. Rf5 Kg6 54. Re5 Kf6 55. Ra5 e6 56. g3 hxg3 57. hxg3 Rc3 58. Rb5 Rxf3 59. Kg4 Rc3 60. Ra5 Rc4+ 61. Kf3 g4+ 62. Ke3 e5 63. Ra8 Ke6 64. Re8+ Kf6 65. Rf8+ Ke7 66. Rg8 Kf7 67. Rd8 Ke7 68. Rg8 Ra4 69. Rg7+ Kf6 70. Rg8 Ra3+ 71. Kf2 Rf3+ 72. Kg2 Kf5 73. Rf8+ Ke4 74. Rg8 Ke3 75. Rxg4 Rf2+ 76. Kh3 e4 77. Rg8 Rf1 78. Re8 Kd3 79. g4 e3 80. g5 e2 81. Kh4 e1=Q+ 82. Rxe1 Rxe1 83. g6 Rg1 84. Kh5 Ke4 85. Kh6 Ke5 86. g7 Kf6 0-1


[Site "https://www.chess.com"]

[Event "Titled Tuesday Blitz May 23 Early 2023"]
[White "Saya, Ethan"]
[Black "Brueckner, Thomas"]
[WhiteFideId "26095181"]
[BlackFideId "4600452"]
[WhiteElo "2164"]
[BlackElo "2322"]
[Result "1-0"]
[Round "04"]
[TimeControl "180+2"]
[Date "2023.05.23"]
[WhiteClock "0:00:07"]
[BlackClock "0:00:07"]

1. e4 e5 2. Nf3 Nc6 3. Bb5 a6 4. Bxc6 dxc6 5. O-O Bd6 6. d4 exd4 7. Qxd4 f6 8. e5 fxe5 9. Nxe5 Qf6 10. Re1 Ne7 11. Nc3 O-O 12. Nf3 Qxd4 13. Nxd4 Nf5 14. Nf3 Bb4 15. Bd2 Nd6 16. Ne4 Bxd2 17. Nfxd2 Bf5 18. c3 Rfe8 19. Ng3 Bg6 20. f3 Kf7 21. Kf2 a5 22. Rxe8 Rxe8 23. Re1 Rd8 24. Nde4 Nxe4+ 25. Nxe4 h6 26. Re2 b6 27. Ke3 Bxe4 28. Kxe4 Rd1 29. f4 Ra1 30. a3 Rd1 31. Kf3 Rd3+ 32. Kf2 Rd5 33. g3 a4 34. Ke3 b5 35. Rd2 Ke6 36. g4 c5 37. h4 c6 38. Re2 Kf6 39. Kf3 Kf7 40. Ke4 Rd8 41. f5 Re8+ 42. Kf3 Rd8 43. Kf4 Rd6 44. g5 hxg5+ 45. hxg5 b4 46. Re5 bxc3 47. bxc3 Rd5 48. Rxd5 cxd5 49. Ke5 d4 50. cxd4 c4 51. Ke4 Ke7 52. d5 Kd6 53. Kd4 c3 54. Kxc3 Kxd5 55. Kb4 Ke5 56. f6 gxf6 57. g6 Ke6 58. Kxa4 f5 59. Kb3 f4 60. Kc3 f3 61. Kd3 f2 62. Ke2 f1=Q+ 63. Kxf1 1-0


[Site "https://www.chess.com"]

[Event "Titled Tuesday Blitz May 23 Early 2023"]
[White "Blokhin, Sofia"]
[Black "Guerra Tulcan, Lenin"]
[WhiteFideId "4508190"]
[BlackFideId "3601382"]
[WhiteElo "1994"]
[BlackElo "2368"]
[Result "0-1"]
[Round "04"]
[TimeControl "180+2"]
[Date "2023.05.23"]
[WhiteClock "0:00:01"]
[BlackClock "0:00:52"]

1. e4 c5 2. Nf3 e6 3. d4 cxd4 4. Nxd4 Nc6 5. a3 Qc7 6. Nc3 a6 7. Be3 b5 8. Qd2 Bb7 9. f3 Nf6 10. g4 d5 11. g5 Nxd4 12. Qxd4 e5 13. Qb6 Qxb6 14. Bxb6 Nd7 15. Bf2 d4 16. Ne2 Be7 17. h4 h6 18. g6 fxg6 19. Bh3 Nc5 20. Bg3 O-O 21. Bxe5 Rxf3 22. Bxd4 Nxe4 23. Be6+ Kh7 24. O-O-O Nf2 25. Bxf2 Rxf2 26. Nd4 Bxh1 27. Rxh1 Bc5 28. Nb3 Be3+ 29. Kb1 Re8 30. Bd5 Bd2 31. h5 gxh5 32. Rxh5 Re1+ 33. Ka2 Bg5 34. Nc5 g6 35. Rh3 Rxc2 36. Ne4 Rxe4 37. Bxe4 Re2 38. Bb7 Bf6 39. Rb3 a5 40. Rxb5 h5 41. Bf3 Rf2 42. Bxh5 gxh5 43. Rxh5+ Kg6 44. Rb5 Kf7 45. Rb6 Bd4 46. Rb3 Ke6 47. Rb5 Kd6 48. a4 Kc6 49. Rb3 Kc5 50. Rb5+ Kc4 51. Rxa5 Rxb2+ 52. Ka3 Rb1 53. Ka2 Ra1# 0-1


[Site "https://www.chess.com"]

[Event "Titled Tuesday Blitz May 23 Early 2023"]
[White "Reprintsev, Alexander"]
[Black "Valle Maytin, Luis Enrique"]
[WhiteFideId "14100541"]
[BlackFideId "3503666"]
[WhiteElo "2218"]
[BlackElo "2225"]
[Result "1-0"]
[Round "04"]
[TimeControl "180+2"]
[Date "2023.05.23"]
[WhiteClock "0:01:18"]
[BlackClock "0:00:06"]

1. e4 c5 2. b3 Nc6 3. Bb2 d6 4. Bb5 e5 5. d3 Ne7 6. Nd2 a6 7. Bxc6+ Nxc6 8. Ne2 g6 9. f4 Bg7 10. O-O O-O 11. Qe1 Nd4 12. Nxd4 cxd4 13. c3 dxc3 14. Bxc3 Qb6+ 15. Qf2 Qxf2+ 16. Kxf2 exf4 17. Bxg7 Kxg7 18. Nc4 Rd8 19. Nb6 Rb8 20. Rac1 Be6 21. Rc7 g5 22. d4 d5 23. e5 Kg6 24. Rfc1 h5 25. a4 Kf5 26. a5 Ke4 27. Re1+ Kxd4 28. Rc2 Rbc8 29. Nxc8 Rxc8 30. Rxc8 Bxc8 31. Rc1 Bd7 32. Rc7 Bc6 33. Rxf7 Kxe5 34. h4 gxh4 35. Rh7 Kd4 36. Rxh5 Kc3 37. Rxh4 d4 38. Rxf4 d3 39. g4 d2 40. Ke2 Kc2 41. Rc4+ Kxb3 42. Rd4 Kc3 43. Rxd2 Bb5+ 44. Ke3 Bc6 45. g5 Be8 46. Rd6 Kb4 47. g6 Kxa5 48. g7 Bf7 49. Rd7 Be6 50. Rxb7 Ka4 51. Rb6 Bc4 52. Rxa6+ Kb5 53. Ra8 Kb6 54. g8=Q Bxg8 55. Rxg8 Kc7 1-0


[Site "https://www.chess.com"]

[Event "Titled Tuesday Blitz May 23 Early 2023"]
[White "Berezin, Viktor"]
[Black "zsizsi99"]
[WhiteFideId "14107872"]
[WhiteElo "2310"]
[BlackElo "2327"]
[Result "0-1"]
[Round "04"]
[TimeControl "180+2"]
[Date "2023.05.23"]
[WhiteClock "0:00:02"]
[BlackClock "0:00:03"]

1. d4 Nf6 2. Nf3 d5 3. g3 e6 4. Bg2 Be7 5. O-O O-O 6. c4 dxc4 7. Qc2 a6 8. a4 Bd7 9. Qxc4 Bc6 10. Bg5 Nbd7 11. Nc3 h6 12. Bf4 Nd5 13. a5 Nxf4 14. gxf4 Nf6 15. Ne5 Bxg2 16. Kxg2 Nd5 17. e3 c5 18. dxc5 Nxc3 19. bxc3 Rc8 20. c6 Bd6 21. Rfd1 Qe7 22. Qe4 bxc6 23. Nxc6 Qc7 24. Nb4 Bxb4 25. cxb4 Qc3 26. Rac1 Qxc1 27. Rxc1 Rxc1 28. Qb7 Rb1 29. Qxa6 Rxb4 30. Qd6 Ra4 31. a6 Ra8 32. Qd3 R4xa6 33. f5 Ra3 34. Qe4 R8a4 35. Qc2 Ra8 36. fxe6 fxe6 37. Qc6 R3a6 38. Qe4 Rf8 39. h4 Rd6 40. h5 Rf5 41. Qa8+ Kf7 42. Qb7+ Kf6 43. Qb2+ e5 44. Qb8 Re6 45. Qf8+ Kg5 46. Qxg7+ Kxh5 47. Qg3 Rg5 48. Qxg5+ Kxg5 49. Kg3 h5 0-1


[Site "https://www.chess.com"]